← All builds
Tech / Armada / Economy first / OBSERVED BUILD

Standard tech

Armada Tech (Eco) build order · Supreme Isthmus

Rushes T2 by 4:15, gets Advanced Metal Extractor around 5:28, hands off T2 constructors to Geo and the team, then scales eco and supplies the team's T2 needs through the rest of the game.

Usually first T2 con to Geo (83%)

#eco #t2 #team support · 1579 distinct matches · 255 players · 58% of Armada Tech games · team won 53% of 1874 · Recently observed

HOW TO PLAY IT

Key timing: T2 factory by 4:15

  1. Open 3 mex and heavy wind to fund a fast T2 rush.
  2. Put down Bot Lab, planning to eat it for reclaim soon after.
  3. Get Advanced Bot Lab up, hitting the T2 factory rush timing.
  4. Upgrade mex to Advanced Metal Extractor to lock in team metal income.
  5. Eat Advanced Bot Lab and keep sending cons to Geo and Pond.

Phase by phase

TYPICAL OF ITS 1579 GAMES
  1. 1
  2. 2
  3. 3
  4. 4
PLAY THE OPENING

Follow the example game's first 6:00 step by step: what to build now, what comes next, and where it goes. At 1× it keeps pace with your own game.

  1. 1

    Up to the Bot Lab

    Economy
    • Metal Extractor3Mex
    • Wind Turbine4Wind
    Order
    1. Bot LabBot Lab after 3 mex, 4 winddone ~1:18, middle half 1:13–1:32

    Some games also: energy storage (31%)

    By 1:01 in all: 3 mex · 4 wind

    The example game in this phase · 4 steps
    1. Mex ×3
    2. Wind ×2
    3. Solar
    4. Bot LabBot Labdone 1:17 · typical 1:18
  2. 2

    Bot Lab to Advanced Bot Lab

    Economy
    • Metal Extractor1Mex
    • Wind Turbine8Wind
    • Energy Storage1Energy storage
    Order
    1. Advanced Bot LabAdvanced Bot Lab after 4 mex, 12 wind, 3 con turretdone ~4:16, middle half 4:04–4:30
    Builders
    • Construction Turret3 Con turret
    • Lazarus3 Lazarus
    • Construction Bot2 Con bot
    • Construction Bot1 Con bot for allies

    Some games also: converter (36%)

    By 3:18 in all: 4 mex · 12 wind · 1 energy storage · 3 con turret

    The example game in this phase · 13 steps
    1. LazarusLazarus ×4
    2. Construction BotCon bot
    3. Con turret ×2
    4. Wind ×6
    5. Converter ×4
    6. Wind ×2
    7. Mex
    8. Wind ×2
    9. Converter
    10. Wind ×2
    11. Energy storage
    12. Wind ×3
    13. Advanced Bot LabAdvanced Bot Labdone 4:52 · typical 4:16
  3. 3

    Advanced Bot Lab to 5:00

    Economy
    • Wind Turbine3Wind
    Order
    1. Bot LabEat Bot Lab
    Builders
    • Advanced Construction Bot1 T2 con bot for allies

    Some games also: converter (35%)

    By 5:00 in all: 4 mex · 15 wind · 1 converter · 1 energy storage · 3 con turret

    The example game in this phase · 1 step
    1. Advanced Construction BotT2 con botfor Air
  4. 4

    5:00 to 10:00

    Economy
    • Wind Turbine43Wind
    • Energy Converter6Converter
    Builders
    • Butler9 Butler
    • Advanced Construction Bot4 T2 con bot for allies
    • Advanced Construction Bot1 T2 con bot

    Some games also: con turret (43%) · Butler for allies (36%)

    By 10:00 in all: 4 mex · 58 wind · 8 converter · 1 energy storage · 3 con turret

    The example game in this phase · 221 steps
    1. Advanced Metal ExtractorT2 mex ×2done 5:53 · typical 5:29
    2. Bot LabEat Bot Labreclaimed for its metal
    3. Advanced Metal ExtractorT2 mex
    4. Advanced Construction BotT2 con botfor Geo sea
    5. ButlerButler ×2
    6. Advanced Metal ExtractorT2 mex
    7. ButlerButler
    8. Advanced Construction BotT2 con bot ×2for Beach sea
    9. Wind
    10. ButlerButler
    11. Wind ×2
    12. ButlerButler
    13. Wind
    14. ButlerButler
    15. Wind ×2
    16. ButlerButler
    17. Wind
    18. ButlerButler
    19. Wind ×2
    20. ButlerButler
    21. Wind ×3
    22. ButlerButler
    23. Wind ×2
    24. ButlerButler
    25. Wind ×3
    26. ButlerButler
    27. Wind
    28. Converter
    29. Wind ×3
    30. Converter
    31. Wind
    32. ButlerButler
    33. Wind
    34. Converter
    35. Wind ×2
    36. ButlerButler
    37. Converter
    38. Wind ×3
    39. Converter
    40. Wind
    41. ButlerButler
    42. Wind
    43. Converter
    44. Wind ×4
    45. Converter
    46. Wind ×2
    47. ButlerButler
    48. Wind
    49. Converter
    50. Wind ×5
    51. Converter
    52. Wind ×3
    53. ButlerButler
    54. Converter
    55. Wind ×6
    56. Converter
    57. ButlerButler
    58. Wind ×5
    59. Converter
    60. Wind ×7
    61. ButlerButler
    62. Converter
    63. SprinterSprinter
    64. Wind ×4
    65. Converter
    66. Wind
    67. SprinterSprinter
    68. Wind ×3
    69. Converter
    70. Wind ×2
    71. SprinterSprinter
    72. Wind ×2
    73. Converter
    74. Wind ×3
    75. SprinterSprinter
    76. Wind
    77. Converter
    78. Wind ×4
    79. SprinterSprinter
    80. Wind
    81. Converter
    82. Wind ×3
    83. Advanced Construction BotT2 con bot
    84. Wind
    85. Converter
    86. Wind ×7
    87. Converter
    88. Wind ×5
    89. Converter
    90. Wind ×7
    91. Converter
    92. Wind ×4
    93. Converter
    94. Wind ×3
    95. Converter
    96. Wind ×3
    97. Converter
    98. Wind ×4
    99. Converter
    100. Wind ×4
    101. Converter
    102. ButlerButler
    103. Wind ×5
    104. Converter
    105. Wind
    106. ButlerButler
    107. Wind ×3
    108. ButlerButler
    109. Converter
    110. Wind ×4
    111. ButlerButler
    112. Wind ×4
    113. Converter
    114. ButlerButler
    115. Wind ×4
    116. ButlerButler
    117. Wind
    118. Converter
    119. Wind ×3
    120. ButlerButler
    121. Wind ×3
    122. Converter
    123. Wind
    124. ButlerButler
    125. Wind
    126. Converter
    127. Wind ×3
    128. ButlerButler
    129. Wind ×2
    130. Converter
    131. Wind ×2
    132. ButlerButler
    133. Wind ×2
    134. Converter
    135. Wind
    136. ButlerButler
    137. Wind ×2
    138. Converter
    139. Wind ×2
    140. ButlerButler
    141. Wind
    142. Converter
    143. Wind ×32
    144. GunslingerGunslingerdone 12:29
    145. Wind ×6
    146. GunslingerGunslinger
    147. Wind ×9
    148. GunslingerGunslinger
    149. Wind ×14
    150. GunslingerGunslinger
    151. Wind ×10
    152. Converter
    153. Wind ×6
    154. GunslingerGunslinger
    155. Converter
    156. Wind ×2
    157. Converter
    158. Wind ×8
    159. Converter ×2
    160. Wind ×5
    161. Converter ×2
    162. Wind ×5
    163. Converter
    164. GunslingerGunslinger
    165. Wind ×5
    166. Converter ×2
    167. Wind ×5
    168. Converter
    169. Wind ×3
    170. Converter
    171. Wind ×2
    172. Converter
    173. Wind ×4
    174. GunslingerGunslinger
    175. Wind
    176. Converter
    177. Wind ×3
    178. Converter ×2
    179. Wind ×6
    180. Converter ×3
    181. Wind ×6
    182. Converter
    183. GunslingerGunslinger
    184. Wind ×2
    185. Converter
    186. Wind ×2
    187. Converter
    188. Wind ×5
    189. Converter ×2
    190. Wind ×3
    191. Converter
    192. Wind ×3
    193. GunslingerGunslinger
    194. Wind
    195. Converter
    196. Wind
    197. Converter ×2
    198. Wind ×6
    199. Converter
    200. Wind
    201. Converter ×2
    202. Wind ×4
    203. Converter
    204. GunslingerGunslinger
    205. Wind ×5
    206. Converter ×2
    207. Wind
    208. Converter
    209. Wind ×5
    210. Converter
    211. Wind ×9
    212. Converter ×2
    213. Wind ×5
    214. Converter ×2
    215. Wind ×3
    216. Converter
    217. Wind ×2
    218. Converter ×2
    219. GunslingerGunslinger
    220. Wind ×5
    221. Converter

Counts are medians over the build's games: half of them build more, half fewer. The example game is hannibalrising's (32 OS, 29/09/2026); pick another.

Team trades

IN AT LEAST 30% OF ITS GAMES

You hand over

  • Construction Bot1 Con bot to Airfirst at 2:23 · in 84% of games
  • Advanced Construction Bot5 T2 con bot to Air or Geo sea or Pondfirst at 4:50 · in 99% of games
  • Butler2 Butler to Geo sea or Beach sea or Pondfirst at 9:07 · in 42% of games

You get

  • Hercules1 Light transport from Airfirst at 4:01 · in 86% of games

How it plays out

Typical game of this build, running totals by minute

Metal produced

020k40k
0:005:0010:0015:00

metal

Enemy metal destroyed

050100
0:005:0010:0015:00

metal

Own metal lost

050100150
0:005:0010:0015:00

metal

1874 games.

Show as table
ByMetal produced: This buildEnemy metal destroyed: This buildOwn metal lost: This build
1:0038300
2:0091500
3:00165100
4:00314400
5:00484700
6:00580000
7:00722700
8:00906100
9:001117300
10:001350300
11:001624200
12:001965600
13:002344500
14:0027362073
15:003154285130
WHAT THE NUMBERS SAY

Standard Tech play barely fights at all early, instead pouring metal into T2 infrastructure and constructors for the team.

  • + Metal produced hits 31679 by 15:00, by far the highest of any role here.
  • + T2 factory reached in 97% of games by 4:15, fastest and most reliable T2 timing.
  • − Enemy metal destroyed stays at 0 through 10:00, no early offense at all.
  • − Own metal lost also near 0, showing total avoidance of combat risk.
THE EXAMPLE YOU ARE READING

hannibalrising

31.7 OS · 29/09/2026

Open source match ↗

3 received units
1378 metal received · 21958 energy received

Allied construction assistance is unknown. Timings are observations, not a promise of solo reproducibility.

Typical milestones

Bot Lab1:18Middle 50%: 1:13–1:32 · n=1874
Advanced Bot Lab4:16Middle 50%: 4:04–4:30 · n=1867
Advanced Metal Extractor5:29Middle 50%: 5:05–5:59 · n=1870

Played most by

Amrissa93games of this buildTheGeneraI66games of this buildAdeus57games of this buildEl_Turco56games of this buildKOT_43games of this build